[Event "Memorial Ukrainian Chess Warriors 2024"]
[Site "Lviv"]
[Date "2024.03.15"]
[Round "8.18"]
[White "Bykovskiy, Oleg"]
[Black "Tarleva, Vira"]
[Result "0-1"]
[ECO "B67"]
[WhiteElo "2231"]
[BlackElo "2030"]
[Annotator "TA"]
[PlyCount "68"]
[EventDate "2024.03.06"]
[EventType "swiss"]
[EventCountry "UKR"]
[SourceTitle "playchess.com"]
[Source "ChessBase"]
[SourceQuality "1"]
[TimeControl "600+5"]

1. e4 c5 2. Nf3 d6 3. d4 cxd4 4. Nxd4 Nf6 5. Nc3 Nc6 6. Bg5 e6 7. Qd2 a6 8. O-O-O Bd7 9. Kb1 b5 10. Nxc6 Bxc6 11. Qe3 Be7 {[%emt 0:01:37] White has an edge.} 12. f4 (12. Bxf6 $5 Bxf6 13. Nd5 $11) 12... Qc7 13. Bxf6 gxf6 (13... Bxf6 $11 14. Nd5 Bxd5 (14... exd5 15. exd5+ Kf8 16. dxc6 $16) 15. exd5 e5) 14. f5 $14 b4 15. Ne2 e5 16. Ng3 Rc8 (16... Bb7 $16 {was worth a try.}) 17. Bxa6 $18 Ra8 18. Bc4 Ba4 19. Bb3 Bc6 (19... Ra6 {might work better.} 20. Bxa4+ Rxa4) 20. Qd3 O-O 21. Nh5 {[%emt 0:00:38] [#] Qg3+ would kill now.} Kh8 22. Qe3 Ba4 $2 (22... Qd8 23. g4 Rc8) 23. Qh6 Rg8 {[%emt 0:00:01] Wards off Qg7+} 24. Nxf6 Rg7 25. Nd5 (25. Bxa4 $142 Bxf6 26. Qxf6) 25... Qa7 {[%emt 0:00:27] ...Bxb3 is the strong threat.} 26. Bc4 (26. Nxb4 Bxb3 27. cxb3 d5 $11) (26. Qe3 $18 Bxb3 27. Qxb3 Rxg2 28. Nxb4) 26... Bxc2+ 27. Kxc2 Rxg2+ $2 (27... Qc5 {keeps fighting.} 28. Ne3 (28. Kb3 Qc6 $14) 28... Bg5 29. Qxd6 Bxe3 30. Qxc5 Rxg2+ 31. Kb3 Bxc5 32. Bxf7 Bd4) 28. Rd2 $4 (28. Kb1 $18 {was the only winning move.} Qf2 29. Rd2 (29. Nxe7 $2 Qxb2#) (29. Qc1 $2 Bg5 $19) 29... Qxd2 30. Qxd2 Rxd2 31. Nxe7) 28... Bg5 $19 29. Rxg2 Bxh6 30. Rhg1 {[%emt 0:00:04][%cal Od5f6] Nf6! would now be deadly.} Qd4 31. Nf6 $2 {[%emt 0:00:25] [#]} (31. Kb3 $19 Rc8 (31... Qxe4 $2 {too greedy.} 32. Rg8+ Rxg8 33. Rxg8+ Kxg8 34. Nf6+ Kg7 35. Nxe4 $18) 32. Ba6) 31... Qxc4+ {[%emt 0:00:04] Black mates.} 32. Kb1 Qxa2+ ({Worse is} 32... Rxa2 33. Rg8#) 33. Kc2 Rc8+ 34. Kd3 Qc4# {[%emt 0:00:03] Weighted Error Value: White=0.71/Black=0.33.  Missed win:     	White=1     	---        Mistake:       	White=1     	Black=5      Inaccurate:     	---       	Black=1      OK:         	White=11    	Black=5      Best:        	White=1     	Black=2} 0-1

[Event "Memorial Ukrainian Chess Warriors 2024"]
[Site "Lviv"]
[Date "2024.03.15"]
[Round "8.19"]
[White "Dovgaliuk, Oleksandr"]
[Black "Velychko, Semen"]
[Result "1-0"]
[ECO "A45"]
[WhiteElo "1936"]
[BlackElo "1905"]
[Annotator "RC"]
[PlyCount "51"]
[EventDate "2024.03.06"]
[EventType "swiss"]
[EventCountry "UKR"]
[SourceTitle "playchess.com"]
[Source "ChessBase"]
[SourceQuality "1"]
[TimeControl "600+5"]

1. d4 Nf6 2. Bg5 Ne4 3. Bf4 d5 4. e3 g6 5. Nd2 Bg7 6. Nxe4 dxe4 7. c3 O-O 8. Qc2 Bf5 9. h3 h5 10. g4 hxg4 11. hxg4 Bxg4 12. Qxe4 c6 13. Bxb8 Qb6 14. Qxg4 Qxb2 15. Qd1 Qxc3+ 16. Ke2 Raxb8 17. Rc1 Qa5 18. Qd2 Qb5+ 19. Ke1 Qd5 20. f3 Rfd8 21. Bc4 Qg5 22. Nh3 Qh5 23. Qg2 Qa5+ 24. Kf1 e5 25. Qxg6 Rd7 26. Ng5 1-0

[Event "Memorial Ukrainian Chess Warriors 2024"]
[Site "Lviv"]
[Date "2024.03.15"]
[Round "8.20"]
[White "Toroptseva, Yevheniia"]
[Black "Stolbov, Mikhail G."]
[Result "0-1"]
[ECO "B12"]
[WhiteElo "1923"]
[BlackElo "2205"]
[Annotator "RC"]
[PlyCount "68"]
[EventDate "2024.03.06"]
[EventType "swiss"]
[EventCountry "UKR"]
[SourceTitle "playchess.com"]
[Source "ChessBase"]
[SourceQuality "1"]
[TimeControl "600+5"]

1. e4 c6 2. d4 d5 3. e5 c5 4. dxc5 Nc6 5. Nf3 Bg4 6. Bb5 e6 7. Be3 Nge7 8. c3 a6 9. Ba4 Qc7 10. Bd4 Ng6 11. Bxc6+ bxc6 12. Nbd2 Be7 13. h3 Bxf3 14. Nxf3 O-O 15. O-O f6 16. Re1 fxe5 17. Nxe5 Nxe5 18. Bxe5 Qd7 19. b4 Rf5 20. Qd4 Bf6 21. g4 Bxe5 22. Rxe5 Rf3 23. Rae1 Re8 24. Kg2 Qf7 25. R1e2 Rf8 26. Rxe6 h5 27. Rxc6 hxg4 28. hxg4 Rf4 29. Qe3 Rxg4+ 30. Kf1 Re4 31. Qd2 Rh4 32. Kg1 Qf3 33. Qxd5+ Qxd5 34. Rd6 Rh1# 0-1

[Event "Memorial Ukrainian Chess Warriors 2024"]
[Site "Lviv"]
[Date "2024.03.15"]
[Round "8.21"]
[White "Piuro, Vladyslav"]
[Black "Chub, Dmytro"]
[Result "1-0"]
[ECO "A40"]
[WhiteElo "2051"]
[BlackElo "1899"]
[Annotator "RC"]
[PlyCount "78"]
[EventDate "2024.03.06"]
[EventType "swiss"]
[EventCountry "UKR"]
[SourceTitle "playchess.com"]
[Source "ChessBase"]
[SourceQuality "1"]
[TimeControl "600+5"]

1. d4 g6 2. Nf3 Bg7 3. g3 d6 4. Bg2 Nf6 5. O-O Nbd7 6. Nc3 O-O 7. e4 e5 8. h3 c6 9. Re1 Qb6 10. dxe5 Nxe5 11. a4 Nxf3+ 12. Qxf3 Be6 13. a5 Qc7 14. Bg5 Nd7 15. Qf4 Ne5 16. Bf6 Rfe8 17. Bxg7 Kxg7 18. h4 h5 19. b3 Qe7 20. Rad1 Rad8 21. Qe3 a6 22. f4 Ng4 23. Qd4+ Qf6 24. Qxf6+ Kxf6 25. Rd3 d5 26. exd5 Bf5 27. Ne4+ Bxe4 28. Rxe4 cxd5 29. Rxe8 Rxe8 30. Bxd5 Re1+ 31. Kg2 Re2+ 32. Kf1 Rxc2 33. Bxb7 Rc5 34. b4 Rb5 35. Rd6+ Ke7 36. Rb6 Rxb6 37. axb6 Ne3+ 38. Ke2 Nc4 39. Bxa6 Nxb6 1-0

[Event "Memorial Ukrainian Chess Warriors 2024"]
[Site "Lviv"]
[Date "2024.03.15"]
[Round "8.22"]
[White "Kuzyk, Yuriy"]
[Black "Fishchuk, Vladyslav"]
[Result "0-1"]
[ECO "B00"]
[WhiteElo "1946"]
[BlackElo "2203"]
[Annotator "RC"]
[PlyCount "100"]
[EventDate "2024.03.06"]
[EventType "swiss"]
[EventCountry "UKR"]
[SourceTitle "playchess.com"]
[Source "ChessBase"]
[SourceQuality "1"]
[TimeControl "600+5"]

1. e4 Nc6 2. d4 d5 3. e5 Bf5 4. c3 e6 5. Bd3 Nge7 6. Ne2 f6 7. exf6 gxf6 8. Ng3 Bxd3 9. Qxd3 Qd7 10. Nh5 Ng8 11. Qf3 O-O-O 12. Be3 e5 13. Ng3 exd4 14. cxd4 Bb4+ 15. Nc3 Nge7 16. O-O Bxc3 17. bxc3 f5 18. Bg5 Rhg8 19. Bxe7 Nxe7 20. Rfe1 Rdf8 21. Qe2 Ng6 22. Qe6 f4 23. Qxd7+ Kxd7 24. Nh1 Nh4 25. g3 Nf3+ 26. Kf1 Nxe1 27. Rxe1 f3 28. Re3 c6 29. h3 h5 30. a4 Rf5 31. Kg1 Re8 32. Rxe8 Kxe8 33. Kh2 Rg5 34. a5 b6 35. axb6 axb6 36. Kg1 c5 37. dxc5 bxc5 38. Kf1 Kd7 39. Ke1 Kd6 40. Kd2 d4 41. cxd4 cxd4 42. Kd3 Kd5 43. Kd2 Kc4 44. Kc2 d3+ 45. Kd2 Kd4 46. g4 h4 47. Kd1 Kc3 48. Kc1 d2+ 49. Kd1 Re5 50. Ng3 Re1# 0-1

[Event "Memorial Ukrainian Chess Warriors 2024"]
[Site "Lviv"]
[Date "2024.03.15"]
[Round "8.23"]
[White "Kruk, Roman"]
[Black "Piddubna, Bozhena"]
[Result "0-1"]
[ECO "E59"]
[WhiteElo "1548"]
[BlackElo "2132"]
[Annotator "RC"]
[PlyCount "86"]
[EventDate "2024.03.06"]
[EventType "swiss"]
[EventCountry "UKR"]
[SourceTitle "playchess.com"]
[Source "ChessBase"]
[SourceQuality "1"]
[TimeControl "600+5"]

1. d4 Nf6 2. c4 e6 3. Nc3 Bb4 4. e3 O-O 5. Bd3 d5 6. Nf3 c5 7. O-O dxc4 8. Bxc4 Nc6 9. a3 Bxc3 10. bxc3 Qc7 11. a4 Rd8 12. Qe2 Na5 13. Bd3 Nb3 14. Rb1 Nxc1 15. Rfxc1 b6 16. e4 Bb7 17. e5 Bxf3 18. Qxf3 Nd5 19. Be4 Rac8 20. Qh5 h6 21. Qd1 cxd4 22. cxd4 Nc3 23. Qd3 Ne2+ 24. Qxe2 Qxc1+ 25. Qf1 Qxf1+ 26. Rxf1 Rxd4 27. f3 Rxa4 28. Rd1 Rac4 29. Rd7 R4c7 30. Rd6 Kf8 31. Kf2 Ke7 32. Rd2 b5 33. Rb2 a6 34. Ra2 Ra7 35. Ra5 b4 36. Ke3 b3 37. Ra3 Rb8 38. Ra1 a5 39. Rb1 a4 40. Kd3 a3 41. Kc3 Rc7+ 42. Kd4 b2 43. f4 a2 0-1

[Event "Memorial Ukrainian Chess Warriors 2024"]
[Site "Lviv"]
[Date "2024.03.15"]
[Round "8.25"]
[White "Domanskiy, Mykola"]
[Black "Popov, Sergey A."]
[Result "1-0"]
[ECO "B07"]
[WhiteElo "2046"]
[BlackElo "1923"]
[Annotator "RC"]
[PlyCount "65"]
[EventDate "2024.03.06"]
[EventType "swiss"]
[EventCountry "UKR"]
[SourceTitle "playchess.com"]
[Source "ChessBase"]
[SourceQuality "1"]
[TimeControl "600+5"]

1. e4 d6 2. d4 Nf6 3. Nc3 c6 4. Be3 Nbd7 5. f3 e5 6. dxe5 dxe5 7. Bc4 Be7 8. a4 a5 9. Nge2 O-O 10. O-O Qc7 11. Qe1 Nc5 12. Qf2 b6 13. Rfd1 Rb8 14. Kh1 Be6 15. Bxe6 Nxe6 16. Rd2 Bc5 17. Rad1 Rfd8 18. Bxc5 Nxc5 19. Ng3 g6 20. h3 Ne6 21. Nge2 Rxd2 22. Rxd2 Rd8 23. Rxd8+ Qxd8 24. f4 exf4 25. Nxf4 Nxf4 26. Qxf4 Nh5 27. Qe3 Qf6 28. Kg1 c5 29. e5 Qe6 30. Ne2 Qc4 31. Nc3 Ng7 32. Qd3 Qxd3 33. cxd3 1-0

[Event "Memorial Ukrainian Chess Warriors 2024"]
[Site "Lviv"]
[Date "2024.03.15"]
[Round "8.26"]
[White "Yushko, Olga"]
[Black "Hrabinska, Myroslava"]
[Result "0-1"]
[ECO "D35"]
[WhiteElo "1940"]
[BlackElo "2177"]
[Annotator "RC"]
[PlyCount "108"]
[EventDate "2024.03.06"]
[EventType "swiss"]
[EventCountry "UKR"]
[SourceTitle "playchess.com"]
[Source "ChessBase"]
[SourceQuality "1"]
[TimeControl "600+5"]

1. d4 d5 2. c4 e6 3. cxd5 exd5 4. Nc3 Nf6 5. Bg5 c6 6. e3 Be7 7. Bd3 Nbd7 8. Nge2 Nf8 9. Qc2 Ne6 10. Bh4 g6 11. Rb1 c5 12. dxc5 Nxc5 13. Bb5+ Kf8 14. Bxf6 Bxf6 15. Rd1 Bf5 16. Qd2 a6 17. Ba4 Nxa4 18. Nxa4 Kg7 19. O-O Rc8 20. Rc1 Qd6 21. Nd4 Bd7 22. Nc3 b5 23. a3 Be6 24. Nce2 h5 25. Rfd1 h4 26. Nf4 Be5 27. Nde2 Rc4 28. Rxc4 bxc4 29. h3 Rd8 30. Nxe6+ fxe6 31. Nd4 Qb6 32. Nf3 Qxb2 33. Qa5 Bf6 34. Nd4 Re8 35. Qa4 Re7 36. Nc6 Rc7 37. Qxa6 c3 38. Nb4 c2 39. Nxc2 Qxc2 40. Rf1 Qc6 41. Qd3 Qc3 42. Qa6 Rc6 43. Qa7+ Kh6 44. Rb1 Be5 45. f4 Bd6 46. Rf1 Bc5 47. Qf7 Qxe3+ 48. Kh1 Rc8 49. f5 exf5 50. Qxd5 Be7 51. Qd1 Bg5 52. Qd6 Qe7 53. Qd4 Qxa3 54. Qb6 Rc1 0-1

[Event "Memorial Ukrainian Chess Warriors 2024"]
[Site "Lviv"]
[Date "2024.03.15"]
[Round "8.27"]
[White "Schults, Olev"]
[Black "Svitenko, Solomiia"]
[Result "1-0"]
[ECO "B42"]
[WhiteElo "2109"]
[BlackElo "1570"]
[Annotator "RC"]
[PlyCount "97"]
[EventDate "2024.03.06"]
[EventType "swiss"]
[EventCountry "UKR"]
[SourceTitle "playchess.com"]
[Source "ChessBase"]
[SourceQuality "1"]
[TimeControl "600+5"]

1. e4 c5 2. Nf3 e6 3. d4 cxd4 4. Nxd4 a6 5. Bd3 Qc7 6. Nc3 Nf6 7. a3 Be7 8. O-O O-O 9. Kh1 Rd8 10. Qe2 d6 11. f4 Nbd7 12. Bd2 Nc5 13. Rae1 b5 14. Qf3 Bb7 15. Qh3 Nxd3 16. cxd3 Qc5 17. Be3 Qh5 18. Qg3 Qg6 19. Qf3 Qh5 20. h3 Qxf3 21. Nxf3 Rac8 22. Kg1 Nd7 23. Kf2 Nc5 24. Ke2 Bf6 25. Rc1 Nb3 26. Rc2 d5 27. e5 Be7 28. Nd4 Nxd4+ 29. Bxd4 Bc5 30. Ke3 Bxd4+ 31. Kxd4 a5 32. Rfc1 b4 33. Na4 Rxc2 34. Rxc2 Rc8 35. Rxc8+ Bxc8 36. axb4 axb4 37. b3 Ba6 38. Nb2 Bb7 39. Kc5 d4 40. g3 Bd5 41. Kxb4 Kf8 42. Nc4 Bg2 43. h4 Bf1 44. Kc5 Bxd3 45. Kxd4 Bc2 46. b4 Ke7 47. Kc5 Kd7 48. b5 Be4 49. Nd6 1-0